 Dungeon Crawl Stone Soup version 0.29.1-13-g9f3cf754e1 (webtiles) character file.

Game seed: 14127109213898974702

1015 javelincjr the Magician (level 8, -1/52 HPs)
             Began as a Djinni Conjurer on Feb 6, 2023.
             Slain by an elf zombie (7 damage)
             ... in an ossuary.
             The game lasted 00:24:07 (6365 turns).

javelincjr the Magician (Djinni Conjurer)           Turns: 6365, Time: 00:24:10

Health: -1/52      AC:  5    Str:  8    XL:     8   Next: 45%
Gold:   136        EV: 12    Int: 19    God:
                   SH:  0    Dex: 11

rFire   + + .      SeeInvis .   z - staff of conjuration
rCold   x . .      Faith    .   (no shield)
rNeg    . . .      Spirit   .   a - +0 robe
rPois   ∞          Reflect  .   q - +0 helmet
rElec   .          Harm     .   c - +0 cloak
rCorr   .          Rampage  .   k - +0 pair of gloves
Will    .....                   (boots unavailable)
Stlth   ++........              (no amulet)
HPRegen 0.17/turn               (no ring)
MPRegen 0.00/turn               (no ring)

@: marked, attractive, flying
A: sickness immunity, fire resistance 2, cold vulnerability 1, float, innate
caster, HP casting, extra vitality 1, dopey 1
a: no special abilities


You were in an ossuary.
You visited 1 branch of the dungeon, and saw 5 of its levels.
You also visited: Ossuary.

You collected 136 gold pieces.

Inventory:

Hand Weapons
 d - a +0 short sword
 g - a +2 vampiric dagger
Missiles
 e - 36 stones
 i - 2 poisoned darts
Armour
 a - a +0 robe (worn)
 c - a +0 cloak (worn)
 k - a +0 pair of gloves (worn)
 q - a +0 helmet (worn)
Magical Staves
 t - a staff of earth
 z - a staff of conjuration (weapon)
Wands
 C - a wand of polymorph (5)
Scrolls
 b - 2 scrolls of noise
 h - 3 scrolls of teleportation {unknown}
 m - 3 scrolls of identify {unknown}
 n - a scroll of blinking {unknown}
 o - 2 scrolls of fear {unknown}
 s - 2 scrolls of butterflies {unknown}
 u - 2 scrolls of brand weapon {unknown}
 v - a scroll of magic mapping {unknown}
 w - a scroll of vulnerability {unknown}
 x - a scroll of amnesia {unknown}
 y - a scroll of immolation {unknown}
 A - a scroll of poison {unknown}
 D - a scroll of enchant armour {unknown}
Potions
 f - 3 potions of attraction
 j - a potion of mutation
 l - a potion of flight {unknown}
 p - a potion of resistance {unknown}
 r - a potion of haste {unknown}
 B - a potion of magic {unknown}
 E - a potion of curing
 F - a potion of ambrosia {unknown}


   Skills:
 + Level 1.3 Fighting
 + Level 0.3 Staves
 + Level 3.6 Dodging
 + Level 3.2 Stealth
 + Level 7.0 Spellcasting


You had one spell level left.
You knew the following spells:

 Your Spells              Type           Power      Damage    Failure   Level
a - Magic Dart            Conj           100%       1d8       1%          1
b - Searing Ray           Conj           100%       2d8       1%          2
c - Dazzling Flash        Conj/Hex       100%       N/A       1%          3
d - Fulminant Prism       Conj/Hex       25%        3d14      5%          4
e - Iskenderun's Mystic   Conj/Tloc      50%        2d11      5%          4
f - Sting                 Tmut/Pois      100%       1d8       1%          1
g - Ensorcelled Hibernat  Hex/Ice        66%        N/A       1%          2
h - Spider Form           Tmut/Pois      33%        N/A       1%          3
Your spell library was empty.

Dungeon Overview and Level Annotations

Branches:
Dungeon (5/15)            Ossuary (1/1)
 Temple: D:4-7

Altars:
Elyvilon


Innate Abilities, Weirdness & Mutations

You are immune to sickness and miasma.
You are immune to poison.
Your flesh is very heat resistant. (rF++)
You are vulnerable to cold. (rC-)
You float through the air rather than walking.
You learn spells naturally, not from books.
Your magical power is your life essence.
You have superior vitality. (+4 MHP)
You are dopey. (Int -2)


Message History

The mystic blast hits the kobold zombie!
You destroy the kobold zombie!
The mystic blast hits the kobold zombie!
You destroy the kobold zombie!
The mystic blast hits the mummy.
The mummy is lightly damaged.
The mummy is knocked back by the mystic blast.
The mummy collides with the human zombie!
The human zombie is moderately damaged.
The mummy is moderately damaged.
* * * LOW HITPOINT WARNING * * *
The human zombie is attracted toward you.
The mummy is attracted toward you.
The human zombie is attracted toward you.
The kobold zombie is attracted toward you.
The human zombie is attracted toward you.
Casting: Iskenderun's Mystic Blast (dangerous; 5% risk of failure)
Confirm with . or Enter, or press ? or * to list all spells.
You feel a surge of power!
You erupt in a blast of force!
The mystic blast hits the human zombie!!
The human zombie is severely damaged.
The human zombie is knocked back by the mystic blast.
The mystic blast hits the kobold zombie!
You destroy the kobold zombie!
The mystic blast hits the human zombie.
The human zombie is lightly damaged.
The human zombie is knocked back by the mystic blast.
The human zombie slams into the rock wall!
The human zombie is moderately damaged.
The mystic blast hits the elf zombie!
The elf zombie is heavily damaged.
The elf zombie is knocked back by the mystic blast.
The elf zombie slams into the stone wall!
The elf zombie is heavily damaged.
The mystic blast hits the human zombie!!
You destroy the human zombie!
The mystic blast hits the mummy!
You destroy the mummy!
* * * LOW HITPOINT WARNING * * *
The elf zombie hits you!
You die...

###################
.......∩∩.........#
...Z...Z..........#
.##############.§.#
.# #.Z.# .# #...#
.# ....+####...# .#
#.∩.....#.@.# .#
#.......#Z..# Z#
#.......#§.Z# .#
##Z..... #...# .#


.ZZZ. #.§§# .# #..# #...# .# #..# #...# .# #..# #...# .######..######...# You
could see an elf zombie and 2 human zombies.

Vanquished Creatures
  An ogre (D:4)
  2 phantoms (D:5)
  An elf zombie (Ossuary)
  A centaur (D:3)
  Blork the orc (D:4)
  A jelly (D:5)
  A centaur zombie (Ossuary)
  A human zombie (Ossuary)
  2 hounds
  Jessica (D:2)
  Natasha (thrice) (D:3)
  3 iguanas
  An orc wizard (D:5)
  2 mummies (Ossuary)
  Robin (D:2)
  9 adders
  3 adder zombies (Ossuary)
  4 dart slugs
  6 orcs
  5 ball pythons
  2 bats
  16 endoplasms
  2 giant cockroaches
  8 hobgoblins
  7 jackals (D:1)
  2 quokkas
  3 frilled lizards
  13 goblins
  A goblin zombie (Ossuary)
  5 hobgoblin zombies (Ossuary)
  5 kobolds
  13 kobold zombies (Ossuary)
  8 orc zombies (Ossuary)
  4 rats
138 creatures vanquished.

Vanquished Creatures (others)
  11 fulminant prisms
  A plant (D:1)
  A withered plant (D:2)
13 creatures vanquished.

Grand Total: 151 creatures vanquished

Notes
Turn   | Place    | Note
-------+----------+-------------------------------------------
     0 | D:1      | javelincjr the Djinni Conjurer began the quest for the Orb.
     0 | D:1      | javelincjr set off with the following spells memorised:
                  | Magic Dart, Searing Ray, Dazzling Flash, Fulminant Prism,
                  | Iskenderun's Mystic Blast.
     0 | D:1      | Reached XP level 1. HP: 15/15 MP: 0/0
    52 | D:1      | Reached XP level 2. HP: 5/21 MP: 0/0
   592 | D:1      | Reached XP level 3. HP: 22/25 MP: 0/0
   592 | D:1      | Learned a level 1 spell: Sting
   683 | D:1      | Reached skill level 4 in Spellcasting
  1906 | D:2      | Reached XP level 4. HP: 26/31 MP: 0/0
  2183 | D:2      | Found a faded altar of an unknown god.
  2190 | D:2      | Noticed Jessica
  2194 | D:2      | Killed Jessica
  2259 | D:2      | Reached XP level 5. HP: 32/35 MP: 0/0
  2259 | D:2      | Learned a level 2 spell: Ensorcelled Hibernation
  2435 | D:2      | Noticed Robin
  2527 | D:2      | Killed Robin
  3483 | D:3      | Noticed a centaur
  3497 | D:3      | Killed a centaur
  3498 | D:3      | Reached skill level 5 in Spellcasting
  3498 | D:3      | Reached XP level 6. HP: 4/40 MP: 0/0
  3944 | D:3      | Noticed Natasha
  3947 | D:3      | Killed Natasha
  4161 | D:3      | Noticed Natasha
  4167 | D:3      | Killed Natasha
  4189 | D:3      | Noticed Natasha
  4195 | D:3      | Killed Natasha
  4518 | D:3      | Found a white marble altar of Elyvilon.
  4599 | D:4      | Noticed an ogre
  4602 | D:4      | Killed an ogre
  4603 | D:4      | Reached XP level 7. HP: 39/46 MP: 0/0
  4603 | D:4      | Learned a level 3 spell: Spider Form
  5029 | D:4      | Reached skill level 6 in Spellcasting
  5299 | D:4      | Noticed Blork the orc
  5304 | D:4      | Killed Blork the orc
  5537 | D:5      | Entered Level 5 of the Dungeon
  5551 | D:5      | Reached skill level 1 in Fighting
  5744 | D:5      | Reached XP level 8. HP: 39/52 MP: 0/0
  5855 | D:5      | Found a sand-covered staircase.
  5861 | Ossuary  | Entered an ossuary
  6289 | Ossuary  | Reached skill level 7 in Spellcasting
  6361 | Ossuary  | Gained mutation: You are dopey. (Int -2) [potion of
                  | mutation]
  6365 | Ossuary  | Slain by an elf zombie

Illustrated notes

Levels and vault maps discovered:
D:1:      giann_bridges, layout_basic, minmay_small_reverse_x
D:2:      layout_loops_corners, ebering_ecumenical_altar_petrified,
          minmay_misc_feat_tiny, uniq_robin, uniq_jessica
D:3:      layout_loops_ring, mainiacjoe_overflow_swirl, uniq_natasha
D:4:      layout_gridville, uniq_blork_the_orc
D:5:      layout_basic, nicolae_ossuary_entry_plus, ebering_ghost_sewer_f
Ossuary:  ossuary_tomb_1

Skill      XL: |  1  2  3  4  5  6  7  8 |
---------------+-------------------------+-----
Spellcasting   | 4 5 6 7 |  7.0
Stealth        | 2 3 |  3.2
Dodging        | 3 |  3.6
Fighting       | 1 |  1.3
Staves         | |  0.3

Action                   |  1- 3 |  4- 6 |  7- 9 || total
-------------------------+-------+-------+-------++-------
Melee: Dagger            |       |     6 |       ||     6
       Staff             |       |       |     4 ||     4
 Cast: Magic Dart        |    81 |    53 |   102 ||   236
       Searing Ray       |     1 |    10 |     8 ||    19
       Ensorcelled Hiber |       |     6 |       ||     6
       Fulminant Prism   |       |     2 |     9 ||    11
       Iskenderun's Myst |       |       |     2 ||     2
  Use: Potion            |     1 |       |     2 ||     3
       Scroll            |       |       |     1 ||     1
Armor: Robe              |     5 |    17 |    11 ||    33
Dodge: Dodged            |    22 |    13 |    27 ||    62
